Workbook

Sheet Eingabe Business Case
B2: Business Case (Finanzielle Auswirkungen) | E2: Version 2026
B4: Bitte das ausgefüllte Business Case Template an folgende E-Mail Adresse senden: budget@ethz.ch
B6: Alle Informationen (falls vorhanden) in den grauen Felder eingeben
B8: Kurze Beschreibung des Business Cases…
B12: Departement/SL-Einheit:
B13: Verantwortungsbereich (VB):
B14: KST/Projekt # (falls bereits vorhanden):
B16: Im letzten Rolling Forecast enthalten | C16: Bei Auswahl von Option Teilweise: Die im letzten Forecast/SM bereits enthaltenen Werte im zweiten Reiter "Finanzplanung" eingeben
B17: Im letzten Simulationsmodell enthalten
B19: Finanzierung des Projektes:
B20: Grundauftrag/Zusatzbudget
B22: Die Finanzierung eines Projektes wird über Drittmittel geplant. Wie werden allfällige Finanzierungslücken gedeckt, falls die Drittmittel nicht ausreichen sollten?
B23: Erklärung…
B27: Allgemeine Bemerkungen:
B32: in kCHF | C32: -2025 | D32: 2026 | E32: 2027 | F32: 2028 | G32: 2029 | H32: 2030 | I32: 2031 | J32: 2032 | K32: 2033+ | L32: Total 2026-2032 | M32: Total
B34: Einmalige Kosten | C34: =SUM(C35:C37) -> 0 | D34: =SUM(D35:D37) -> 0 | E34: =SUM(E35:E37) -> 0 | F34: =SUM(F35:F37) -> 0 | G34: =SUM(G35:G37) -> 0 | H34: =SUM(H35:H37) -> 0 | I34: =SUM(I35:I37) -> 0 | J34: =SUM(J35:J37) -> 0 | K34: =SUM(K35:K37) -> 0 | L34: =SUM(D34:J34) -> 0 | M34: =SUM(C34:K34) -> 0
B35: Personalkosten | L35: =SUM(D35:J35) -> 0 | M35: =SUM(C35:K35) -> 0
B36: Sachkosten ohne Investitionen | L36: =SUM(D36:J36) -> 0 | M36: =SUM(C36:K36) -> 0
B37: Investitionen | L37: =SUM(D37:J37) -> 0 | M37: =SUM(C37:K37) -> 0
B39: Jährlich laufende Kosten | C39: =SUM(C40:C41) -> 0 | D39: =SUM(D40:D41) -> 0 | E39: =SUM(E40:E41) -> 0 | F39: =SUM(F40:F41) -> 0 | G39: =SUM(G40:G41) -> 0 | H39: =SUM(H40:H41) -> 0 | I39: =SUM(I40:I41) -> 0 | J39: =SUM(J40:J41) -> 0 | ... M39: =SUM(M40:M41) -> 0
B40: Personalkosten | L40: =SUM(D40:J40) -> 0 | M40: =SUM(C40:K40) -> 0
B41: Sachkosten ohne Investitionen | L41: =SUM(D41:J41) -> 0 | M41: =SUM(C41:K41) -> 0
B43: Zusätzliche Stichtag FTEs | L43: =SUM(D43:J43) -> 0 | M43: =SUM(C43:K43) -> 0
B45: Einnahmen | C45: =SUM(C46) -> 0 | D45: =SUM(D46) -> 0 | E45: =SUM(E46) -> 0 | F45: =SUM(F46) -> 0 | G45: =SUM(G46) -> 0 | H45: =SUM(H46) -> 0 | I45: =SUM(I46) -> 0 | J45: =SUM(J46) -> 0 | K45: =SUM(K46) -> 0 | L45: =SUM(D45:H45) -> 0 | M45: =SUM(C45:K45) -> 0
B46: Einnahmen | L46: =SUM(D46:H46) -> 0 | M46: =SUM(C46:K46) -> 0
B48: Kostenreduktion (in den Projektkosten oben nicht enthalten) | C48: =SUM(C49) -> 0 | D48: =SUM(D49) -> 0 | E48: =SUM(E49) -> 0 | F48: =SUM(F49) -> 0 | G48: =SUM(G49) -> 0 | H48: =SUM(H49) -> 0 | I48: =SUM(I49) -> 0 | J48: =SUM(J49) -> 0 | K48: =SUM(K49) -> 0 | L48: =SUM(D48:J48) -> 0 | M48: =SUM(C48:K48) -> 0
B49: Kostenreduktion | L49: =SUM(D49:J49) -> 0 | M49: =SUM(C49:K49) -> 0
B51: Reduktion Stichtag FTEs | L51: =SUM(D51:J51) -> 0 | M51: =SUM(C51:K51) -> 0

Sheet letzte Finanzplanung
B2: Bereits in der letzten Finanzplanung (Rolling Forecast / Simulationsmodell) enthaltenen Werte
B4: in kCHF | C4: -2025 | D4: 2026 | E4: 2027 | F4: 2028 | G4: 2029 | H4: 2030 | I4: 2031 | J4: 2032 | K4: 2033+ | L4: Total 2026-2032 | M4: Total
B6: Einmalige Kosten | C6: =SUM(C7:C9) -> 0 | D6: =SUM(D7:D9) -> 0 | E6: =SUM(E7:E9) -> 0 | F6: =SUM(F7:F9) -> 0 | G6: =SUM(G7:G9) -> 0 | H6: =SUM(H7:H9) -> 0 | I6: =SUM(I7:I9) -> 0 | J6: =SUM(J7:J9) -> 0 | K6: =SUM(K7:K9) -> 0 | L6: =SUM(D6:J6) -> 0 | M6: =SUM(C6:K6) -> 0
B7: Personalkosten | L7: =SUM(D7:J7) -> 0 | M7: =SUM(C7:K7) -> 0
B8: Sachkosten ohne Investitionen | L8: =SUM(D8:J8) -> 0 | M8: =SUM(C8:K8) -> 0
B9: Investitionen | L9: =SUM(D9:J9) -> 0 | M9: =SUM(C9:K9) -> 0
B11: Jährlich laufende Kosten | C11: =SUM(C12:C13) -> 0 | D11: =SUM(D12:D13) -> 0 | E11: =SUM(E12:E13) -> 0 | F11: =SUM(F12:F13) -> 0 | G11: =SUM(G12:G13) -> 0 | H11: =SUM(H12:H13) -> 0 | I11: =SUM(I12:I13) -> 0 | J11: =SUM(J12:J13) -> 0 | K11: =SUM(K12:K13) -> 0 | L11: =SUM(D11:J11) -> 0 | M11: =SUM(C11:K11) -> 0
B12: Personalkosten | L12: =SUM(D12:J12) -> 0 | M12: =SUM(C12:K12) -> 0
B13: Sachkosten ohne Investitionen | L13: =SUM(D13:J13) -> 0 | M13: =SUM(C13:K13) -> 0
B15: Zusätzliche Stichtag FTEs | L15: =SUM(D15:J15) -> 0 | M15: =SUM(C15:K15) -> 0
B17: Einnahmen | C17: =SUM(C18) -> 0 | D17: =SUM(D18) -> 0 | E17: =SUM(E18) -> 0 | F17: =SUM(F18) -> 0 | G17: =SUM(G18) -> 0 | H17: =SUM(H18) -> 0 | I17: =SUM(I18) -> 0 | J17: =SUM(J18) -> 0 | K17: =SUM(K18) -> 0 | L17: =SUM(D17:J17) -> 0 | M17: =SUM(C17:K17) -> 0
B18: Einnahmen | L18: =SUM(D18:J18) -> 0 | M18: =SUM(C18:K18) -> 0
B20: Kostenreduktion (in den Projektkosten oben nicht enthalten) | C20: =SUM(C21) -> 0 | D20: =SUM(D21) -> 0 | E20: =SUM(E21) -> 0 | F20: =SUM(F21) -> 0 | G20: =SUM(G21) -> 0 | H20: =SUM(H21) -> 0 | I20: =SUM(I21) -> 0 | J20: =SUM(J21) -> 0 | K20: =SUM(K21) -> 0 | L20: =SUM(D20:J20) -> 0 | M20: =SUM(C20:K20) -> 0
B21: Kostenreduktion | L21: =SUM(D21:J21) -> 0 | M21: =SUM(C21:K21) -> 0
B23: Reduktion Stichtag FTEs | L23: =SUM(D23:J23) -> 0 | M23: =SUM(C23:K23) -> 0

Sheet Business Case vs. Finanzplanung
B2: Business Case vs. letzte Finanzplanung
B4: KEINE EINGABEFELDER - FORMELN
B6: in kCHF | C6: -2025 | D6: 2026 | E6: 2027 | F6: 2028 | G6: 2029 | H6: 2030 | I6: 2031 | J6: 2032 | K6: 2033+ | L6: Total 2026-2032 | M6: Total
B8: Einmalige Kosten | C8: =SUM(C9:C11) -> 0 | D8: =SUM(D9:D11) -> 0 | E8: =SUM(E9:E11) -> 0 | F8: =SUM(F9:F11) -> 0 | G8: =SUM(G9:G11) -> 0 | H8: =SUM(H9:H11) -> 0 | I8: =SUM(I9:I11) -> 0 | J8: =SUM(J9:J11) -> 0 | K8: =SUM(K9:K11) -> 0 | L8: =SUM(D8:J8) -> 0 | M8: =SUM(C8:K8) -> 0
B9: Personalkosten | C9: ='Eingabe Business Case'!C35-'letzte Finanzplanung'!C7 -> 0 | D9: ='Eingabe Business Case'!D35-'letzte Finanzplanung'!D7 -> 0 | E9: ='Eingabe Business Case'!E35-'letzte Finanzplanung'!E7 -> 0 | F9: ='Eingabe Business Case'!F35-'letzte Finanzplanung'!F7 -> 0 | G9: ='Eingabe Business Case'!G35-'letzte Finanzplanung'!G7 -> 0 | H9: ='Eingabe Business Case'!H35-'letzte Finanzplanung'!H7 -> 0 | I9: ='Eingabe Business Case'!I35-'letzte Finanzplanung'!I7 -> 0 | J9: ='Eingabe Business Case'!J35-'letzte Finanzplanung'!J7 -> 0 | K9: ='Eingabe Business Case'!K35-'letzte Finanzplanung'!K7 -> 0 | L9: =SUM(D9:J9) -> 0 | M9: =SUM(C9:K9) -> 0
B10: Sachkosten ohne Investitionen | C10: ='Eingabe Business Case'!C36-'letzte Finanzplanung'!C8 -> 0 | D10: ='Eingabe Business Case'!D36-'letzte Finanzplanung'!D8 -> 0 | E10: ='Eingabe Business Case'!E36-'letzte Finanzplanung'!E8 -> 0 | F10: ='Eingabe Business Case'!F36-'letzte Finanzplanung'!F8 -> 0 | G10: ='Eingabe Business Case'!G36-'letzte Finanzplanung'!G8 -> 0 | H10: ='Eingabe Business Case'!H36-'letzte Finanzplanung'!H8 -> 0 | I10: ='Eingabe Business Case'!I36-'letzte Finanzplanung'!I8 -> 0 | J10: ='Eingabe Business Case'!J36-'letzte Finanzplanung'!J8 -> 0 | K10: ='Eingabe Business Case'!K36-'letzte Finanzplanung'!K8 -> 0 | L10: =SUM(D10:J10) -> 0 | M10: =SUM(C10:K10) -> 0
B11: Investitionen | C11: ='Eingabe Business Case'!C37-'letzte Finanzplanung'!C9 -> 0 | D11: ='Eingabe Business Case'!D37-'letzte Finanzplanung'!D9 -> 0 | E11: ='Eingabe Business Case'!E37-'letzte Finanzplanung'!E9 -> 0 | F11: ='Eingabe Business Case'!F37-'letzte Finanzplanung'!F9 -> 0 | G11: ='Eingabe Business Case'!G37-'letzte Finanzplanung'!G9 -> 0 | H11: ='Eingabe Business Case'!H37-'letzte Finanzplanung'!H9 -> 0 | I11: ='Eingabe Business Case'!I37-'letzte Finanzplanung'!I9 -> 0 | J11: ='Eingabe Business Case'!J37-'letzte Finanzplanung'!J9 -> 0 | K11: ='Eingabe Business Case'!K37-'letzte Finanzplanung'!K9 -> 0 | L11: =SUM(D11:J11) -> 0 | M11: =SUM(C11:K11) -> 0
B13: Jährlich laufende Kosten | C13: =SUM(C14:C15) -> 0 | D13: =SUM(D14:D15) -> 0 | E13: =SUM(E14:E15) -> 0 | F13: =SUM(F14:F15) -> 0 | G13: =SUM(G14:G15) -> 0 | H13: =SUM(H14:H15) -> 0 | I13: =SUM(I14:I15) -> 0 | J13: =SUM(J14:J15) -> 0 | K13: =SUM(K14:K15) -> 0 | L13: =SUM(D13:J13) -> 0 | M13: =SUM(C13:K13) -> 0
B14: Personalkosten | C14: ='Eingabe Business Case'!C40-'letzte Finanzplanung'!C12 -> 0 | D14: ='Eingabe Business Case'!D40-'letzte Finanzplanung'!D12 -> 0 | E14: ='Eingabe Business Case'!E40-'letzte Finanzplanung'!E12 -> 0 | F14: ='Eingabe Business Case'!F40-'letzte Finanzplanung'!F12 -> 0 | G14: ='Eingabe Business Case'!G40-'letzte Finanzplanung'!G12 -> 0 | H14: ='Eingabe Business Case'!H40-'letzte Finanzplanung'!H12 -> 0 | I14: ='Eingabe Business Case'!I40-'letzte Finanzplanung'!I12 -> 0 | J14: ='Eingabe Business Case'!J40-'letzte Finanzplanung'!J12 -> 0 | K14: ='Eingabe Business Case'!K40-'letzte Finanzplanung'!K12 -> 0 | L14: =SUM(D14:J14) -> 0 | M14: =SUM(C14:K14) -> 0
B15: Sachkosten ohne Investitionen | C15: ='Eingabe Business Case'!C41-'letzte Finanzplanung'!C13 -> 0 | D15: ='Eingabe Business Case'!D41-'letzte Finanzplanung'!D13 -> 0 | E15: ='Eingabe Business Case'!E41-'letzte Finanzplanung'!E13 -> 0 | F15: ='Eingabe Business Case'!F41-'letzte Finanzplanung'!F13 -> 0 | G15: ='Eingabe Business Case'!G41-'letzte Finanzplanung'!G13 -> 0 | H15: ='Eingabe Business Case'!H41-'letzte Finanzplanung'!H13 -> 0 | I15: ='Eingabe Business Case'!I41-'letzte Finanzplanung'!I13 -> 0 | J15: ='Eingabe Business Case'!J41-'letzte Finanzplanung'!J13 -> 0 | K15: ='Eingabe Business Case'!K41-'letzte Finanzplanung'!K13 -> 0 | L15: =SUM(D15:J15) -> 0 | M15: =SUM(C15:K15) -> 0
B17: Zusätzliche stichtag FTEs | C17: ='Eingabe Business Case'!C43-'letzte Finanzplanung'!C15 -> 0 | D17: ='Eingabe Business Case'!D43-'letzte Finanzplanung'!D15 -> 0 | E17: ='Eingabe Business Case'!E43-'letzte Finanzplanung'!E15 -> 0 | F17: ='Eingabe Business Case'!F43-'letzte Finanzplanung'!F15 -> 0 | G17: ='Eingabe Business Case'!G43-'letzte Finanzplanung'!G15 -> 0 | H17: ='Eingabe Business Case'!H43-'letzte Finanzplanung'!H15 -> 0 | I17: ='Eingabe Business Case'!I43-'letzte Finanzplanung'!I15 -> 0 | J17: ='Eingabe Business Case'!J43-'letzte Finanzplanung'!J15 -> 0 | K17: ='Eingabe Business Case'!K43-'letzte Finanzplanung'!K15 -> 0 | L17: =SUM(D17:J17) -> 0 | M17: =SUM(C17:K17) -> 0
B19: Einnahmen | C19: =SUM(C20) -> 0 | D19: =SUM(D20) -> 0 | E19: =SUM(E20) -> 0 | F19: =SUM(F20) -> 0 | G19: =SUM(G20) -> 0 | H19: =SUM(H20) -> 0 | I19: =SUM(I20) -> 0 | J19: =SUM(J20) -> 0 | K19: =SUM(K20) -> 0 | L19: =SUM(D19:J19) -> 0 | M19: =SUM(C19:K19) -> 0
B20: Einnahmen | C20: ='Eingabe Business Case'!C46-'letzte Finanzplanung'!C18 -> 0 | D20: ='Eingabe Business Case'!D46-'letzte Finanzplanung'!D18 -> 0 | E20: ='Eingabe Business Case'!E46-'letzte Finanzplanung'!E18 -> 0 | F20: ='Eingabe Business Case'!F46-'letzte Finanzplanung'!F18 -> 0 | G20: ='Eingabe Business Case'!G46-'letzte Finanzplanung'!G18 -> 0 | H20: ='Eingabe Business Case'!H46-'letzte Finanzplanung'!H18 -> 0 | I20: ='Eingabe Business Case'!I46-'letzte Finanzplanung'!I18 -> 0 | J20: ='Eingabe Business Case'!J46-'letzte Finanzplanung'!J18 -> 0 | K20: ='Eingabe Business Case'!K46-'letzte Finanzplanung'!K18 -> 0 | L20: =SUM(D20:J20) -> 0 | M20: =SUM(C20:K20) -> 0
B22: Kostenreduktion (in den Projektkosten oben nicht enthalten) | C22: =SUM(C23) -> 0 | D22: =SUM(D23) -> 0 | E22: =SUM(E23) -> 0 | F22: =SUM(F23) -> 0 | G22: =SUM(G23) -> 0 | H22: =SUM(H23) -> 0 | I22: =SUM(I23) -> 0 | J22: =SUM(J23) -> 0 | K22: =SUM(K23) -> 0 | L22: =SUM(C22:K22) -> 0 | M22: =SUM(C22:K22) -> 0
B23: Kostenreduktion | C23: ='Eingabe Business Case'!C49-'letzte Finanzplanung'!C21 -> 0 | D23: ='Eingabe Business Case'!D49-'letzte Finanzplanung'!D21 -> 0 | E23: ='Eingabe Business Case'!E49-'letzte Finanzplanung'!E21 -> 0 | F23: ='Eingabe Business Case'!F49-'letzte Finanzplanung'!F21 -> 0 | G23: ='Eingabe Business Case'!G49-'letzte Finanzplanung'!G21 -> 0 | H23: ='Eingabe Business Case'!H49-'letzte Finanzplanung'!H21 -> 0 | I23: ='Eingabe Business Case'!I49-'letzte Finanzplanung'!I21 -> 0 | J23: ='Eingabe Business Case'!J49-'letzte Finanzplanung'!J21 -> 0 | K23: ='Eingabe Business Case'!K49-'letzte Finanzplanung'!K21 -> 0 | L23: =SUM(D23:J23) -> 0 | M23: =SUM(C23:K23) -> 0
B25: Reduktion stichtag FTEs | C25: ='Eingabe Business Case'!C51-'letzte Finanzplanung'!C23 -> 0 | D25: ='Eingabe Business Case'!D51-'letzte Finanzplanung'!D23 -> 0 | E25: ='Eingabe Business Case'!E51-'letzte Finanzplanung'!E23 -> 0 | F25: ='Eingabe Business Case'!F51-'letzte Finanzplanung'!F23 -> 0 | G25: ='Eingabe Business Case'!G51-'letzte Finanzplanung'!G23 -> 0 | H25: ='Eingabe Business Case'!H51-'letzte Finanzplanung'!H23 -> 0 | I25: ='Eingabe Business Case'!I51-'letzte Finanzplanung'!I23 -> 0 | J25: ='Eingabe Business Case'!J51-'letzte Finanzplanung'!J23 -> 0 | K25: ='Eingabe Business Case'!K51-'letzte Finanzplanung'!K23 -> 0 | L25: =SUM(D25:J25) -> 0 | M25: =SUM(C25:K25) -> 0

Sheet Tabelle2
A1: Ja
A2: Nein
A3: Teilweise
A5: Grundauftrag/Zusatzbudget
A6: Drittmittel
A7: Grundauftrag/Zusatzbudget & Drittmittel
A8: Reserven
